 Dungeon Crawl Stone Soup version 0.22-a0-353-g2d6336e (webtiles) character file.

2129 kidcy the Destroyer (level 9, -4/45 HPs)
             Began as a Deep Elf Wizard on Apr 15, 2018.
             Killed from afar by an electric eel (5 damage)
             ... with a bolt of electricity
             ... on level 7 of the Dungeon.
             The game lasted 00:19:03 (8093 turns).

kidcy the Destroyer (Deep Elf Wizard)               Turns: 8093, Time: 00:19:03

Health: -4/45      AC:  9    Str:  4    XL:     9   Next: 8%
Magic:  18/25      EV: 13    Int: 27    God:
Gold:   203        SH:  0    Dex: 13    Spells: 19/28 levels left

rFire    + . .     SeeInvis .   a - +1 mace (protect)
rCold    + . .     Gourm    .   (no shield)
rNeg     . . .     Faith    .   B - +2 robe {Archmagi}
rPois    +         Spirit   .   m - +1 hat
rElec    +         Reflect  .   (no cloak)
rCorr    +         Harm     .   (no gloves)
MR       .....     Rnd*Tele +   (no boots)
Stlth    +.........             (no amulet)
HPRegen  0.15/turn              p - +4 ring of protection
MPRegen  0.19/turn              z - ring of teleportation (curse)

@: resistant, very slow
A: no striking features
a: no special abilities


You were on level 7 of the Dungeon.
You were very hungry.

You visited 1 branch of the dungeon, and saw 7 of its levels.

You collected 308 gold pieces.
You spent 105 gold pieces at shops.

Inventory:

Hand Weapons
 a - a +1 mace of protection (weapon)
 s - a +0 dagger
Missiles
 q - a throwing net (quivered)
Armour
 g - a +0 robe
 i - a +2 robe of magic resistance
 m - a +1 hat (worn)
 u - a +2 buckler
 B - a +2 robe of the Archmagi (worn)
Jewellery
 p - a +4 ring of protection (left hand)
 z - a cursed ring of teleportation (right hand)
 C - an uncursed ring of poison resistance {unknown}
Wands
 k - a wand of clouds (11)
Scrolls
 e - 2 scrolls of identify
 f - 2 scrolls of amnesia
 l - 2 scrolls of enchant weapon
 y - 2 scrolls of enchant armour
 A - a scroll of teleportation
Potions
 b - 3 potions of might
 c - a potion of haste
 j - 2 potions of lignification
 n - a potion of cancellation
 o - a potion of brilliance {unknown}
 r - a potion of agility {unknown}
 t - a potion of berserk rage {unknown}
 v - a potion of ambrosia {unknown}
 x - a potion of curing {unknown}
Comestibles
 d - 13 rations


   Skills:
 - Level 2.4 Dodging
 - Level 2.4 Stealth
 + Level 10.0 Spellcasting
 * Level 10.6 Conjurations
   Level 1.1 Summonings
 - Level 1.1 Translocations


You had 19 spell levels left.
You knew the following spells:

 Your Spells              Type           Power        Failure   Level  Hunger
a - Magic Dart            Conj           ####         1%          1    None
b - Blink                 Tloc           N/A          4%          2    None
c - Conjure Flame         Conj/Fire      ######..     1%          3    None
d - Mephitic Cloud        Conj/Pois/Air  #####...     3%          3    None


Dungeon Overview and Level Annotations

Branches:
Dungeon (7/15)
 Temple: D:4-7

Altars:
Ashenzari
Cheibriados
Dithmenos
Makhleb
Uskayaw

Shops:
D:4 %[[?


Message History

The bolt of electricity misses you.
The electric eel shoots out a bolt of lightning at you!
The bolt of electricity hits the plant.
The bolt of electricity hits you! You resist.
* * * LOW HITPOINT WARNING * * *
Okay, then.
Okay, then.
Okay, then.
The electric eel shoots out a bolt of lightning at you!
The bolt of electricity hits you! You resist.
* * * LOW HITPOINT WARNING * * *
Your surroundings seem slightly different.
Splash!
An electric eel comes into view.
The electric eel shoots out a bolt of lightning at you!
The bolt of electricity hits the plant. x2; The bolt of electricity misses you.
The electric eel shoots out a bolt of lightning at you!
The bolt of electricity hits the plant. x2; The bolt of electricity hits you!
You resist.
You die...

# ## ♣≈ ♣≈♣###
≈≈≈♣P≈≈♣≈♣##
P≈≈PPP≈♣♣P≈♣♣#
≈≈≈≈≈≈≈♣≈@♣P≈#
≈≈;≈≈P≈P≈P≈≈≈♣##
≈≈≈≈≈≈;≈≈≈≈P≈≈≈#
≈≈≈≈≈≈;≈≈♣≈≈≈≈≈♣##
≈≈≈≈≈≈≈≈≈≈≈≈§≈≈≈.#
≈≈≈≈≈≈≈≈≈≈≈PP≈♣♣.#
≈≈≈≈≈≈≈≈♣≈≈≈≈≈≈..#
≈≈≈≈≈≈≈≈≈P≈≈≈≈#.##
≈;≈≈≈≈≈≈≈≈≈♣≈≈#.#########


You could see 3 electric eels.

Vanquished Creatures
  The ghost of vishdafish the Digger, a novice OpEE (D:5)
  Sigmund (D:6)
  2 ice beasts
  A necrophage (D:7)
  An ogre (D:7)
  A big kobold (D:3)
  A bullfrog (D:6)
  A scorpion (D:4)
  5 wights (D:7)
  2 electric eels (D:7)
  A howler monkey (D:7)
  2 crimson imps
  A jelly (D:7)
  3 orc priests
  A bullfrog skeleton (D:6)
  A hound (D:4)
  5 orc wizards
  An iguana (D:7)
  5 worker ants
  A hound skeleton (D:4)
  7 gnolls
  11 adders
  An ooze (D:1)
  An adder skeleton (D:7)
  A worm (D:3)
  4 dart slugs
  A leopard gecko (D:6)
  25 orcs
  9 bats
  4 giant cockroaches
  8 goblins
  10 hobgoblins
  11 kobolds
  4 quokkas
  3 frilled lizards (D:1)
  A jackal skeleton (D:6)
  A leopard gecko skeleton (D:4)
  A quokka skeleton (D:5)
  10 rats
150 creatures vanquished.

Notes
Turn   | Place    | Note
-------+----------+-------------------------------------------
     0 | D:1      | kidcy the Deep Elf Wizard began the quest for the Orb.
     0 | D:1      | Reached XP level 1. HP: 10/10 MP: 7/7
   244 | D:1      | Reached XP level 2. HP: 15/15 MP: 7/9
   378 | D:1      | Learned a level 2 spell: Blink
   720 | D:1      | Reached XP level 3. HP: 19/19 MP: 6/11
   826 | D:1      | Reached skill level 5 in Spellcasting
   838 | D:1      | Learned a level 3 spell: Conjure Flame
   842 | D:1      | Learned a level 3 spell: Mephitic Cloud
  1400 | D:2      | Found a snail-covered altar of Cheibriados.
  1572 | D:2      | Reached XP level 4. HP: 23/24 MP: 9/13
  2017 | D:3      | Noticed a big kobold
  2219 | D:3      | Killed a big kobold
  2219 | D:3      | Reached XP level 5. HP: 19/28 MP: 0/15
  2672 | D:3      | Reached skill level 5 in Conjurations
  3048 | D:3      | Reached XP level 6. HP: 32/32 MP: 11/17
  3846 | D:4      | Found Mixkydip's Food Shoppe.
  3991 | D:4      | Found Uwolaci's Magic Scroll Shoppe.
  3999 | D:4      | Bought a scroll of enchant armour for 105 gold pieces
  4280 | D:4      | Found Edwai's Armour Emporium.
  4284 | D:4      | Found Diuruint's Antique Armour Boutique.
  4941 | D:4      | Reached XP level 7. HP: 36/36 MP: 6/19
  5310 | D:4      | Found a shadowy altar of Dithmenos.
  5700 | D:5      | Entered Level 5 of the Dungeon
  5714 | D:5      | Found a hide-covered altar of Uskayaw.
  5871 | D:5      | Found a burning altar of Makhleb.
  6324 | D:5      | Noticed vishdafish's ghost (novice OpEE)
  6334 | D:5      | Killed vishdafish's ghost
  6334 | D:5      | Reached XP level 8. HP: 34/41 MP: 5/22
  6797 | D:6      | Found a shattered altar of Ashenzari.
  7264 | D:6      | Noticed Sigmund
  7275 | D:6      | Killed Sigmund
  7643 | D:7      | HP: 2/41 [electric eel/bolt of electricity (10)]
  7816 | D:7      | Reached skill level 10 in Conjurations
  7938 | D:7      | Reached XP level 9. HP: 45/45 MP: 3/24
  8087 | D:7      | Reached skill level 10 in Spellcasting
  8092 | D:7      | HP: 1/45 [electric eel/bolt of electricity (2)]
  8093 | D:7      | Killed from afar by an electric eel

Vault maps used:
D:1:      lightli_arrival_chessboard, serial_forest, infiniplex_forest_lined_2,
          infiniplex_forest_lined_room_3, infiniplex_forest_lined_corner,
          infiniplex_forest_clump_small, infiniplex_forest_clump_medium,
          infiniplex_forest_corner_1, infiniplex_forest_clump_double,
          infiniplex_forest_clump_medium, infiniplex_forest_clump_long
D:2:      overflow_temple_1_default, first_ration
D:3:      cheibrodos_thug_alley
D:4:      marbit_many_paths, serial_shops, shop_fountains, shop,
          nicolae_shop_trees, nicolae_shop_overgrown_old_shop
D:5:      nicolae_overflow_crystal_walls, old_standard_altar
D:6:      ashenzari_conservatory_becter, uniq_sigmund
D:7:      lemuel_crystal_altar, minmay_temple_entry_hall, serial_bayou_lake_a

Skill      XL: |  1  2  3  4  5  6  7  8  9 |
---------------+----------------------------+-----
Conjurations   | 2 3 4 5 6 8 10 | 10.6
Spellcasting   | 5 6 7 8 9 10 | 10.0
Dodging        | |  2.4
Stealth        | |  2.4
Summonings     | |  1.1
Translocations | |  1.1

Action                   |  1- 3 |  4- 6 |  7- 9 || total
-------------------------+-------+-------+-------++-------
Melee: Unarmed           |     1 |       |       ||     1
       Hand axe          |     6 |       |       ||     6
       Dagger            |    11 |     1 |       ||    12
       Mace              |       |    10 |    20 ||    30
 Cast: Magic Dart        |    91 |   199 |   207 ||   497
       Blink             |     5 |    12 |    10 ||    27
       Conjure Flame     |       |     8 |     5 ||    13
       Mephitic Cloud    |       |     3 |    11 ||    14
Evoke: Wand              |       |       |    13 ||    13
  Use: Scroll            |     4 |     6 |     8 ||    18
       Potion            |       |       |     5 ||     5
  Eat: Chunk             |     2 |     9 |     6 ||    17
       Ration            |       |       |     1 ||     1
Armor: Robe              |     5 |    11 |    14 ||    30
Dodge: Dodged            |    36 |    29 |    24 ||    89

Table legend:
 A = Spawn XP
 B = Non-spawn XP
 C = Spawn XP percentage of total XP
 D = Spawn monster count
 E = Non-spawn monster count
 F = Spawn count percentage of total count
 G = Total turns spent on level
                    A         B        C        D         E        F      G
               +---------+---------+-------+---------+---------+-------+---------
         Total |       0 |    3042 |   0.0 |       0 |     150 |   0.0 |  8093
               +---------+---------+-------+---------+---------+-------+---------
           D:1 |       0 |      58 |   0.0 |       0 |      29 |   0.0 |  1254
           D:2 |       0 |      76 |   0.0 |       0 |      16 |   0.0 |   718
           D:3 |       0 |     343 |   0.0 |       0 |      39 |   0.0 |  1866
           D:4 |       0 |     435 |   0.0 |       0 |      21 |   0.0 |  1862
           D:5 |       0 |     699 |   0.0 |       0 |      17 |   0.0 |   833
           D:6 |       0 |     540 |   0.0 |       0 |      11 |   0.0 |  1039
           D:7 |       0 |     891 |   0.0 |       0 |      17 |   0.0 |   521
               +---------+---------+-------+---------+---------+-------+---------
